 Dungeon Crawl Stone Soup version 0.31-a0-968-g24f9ace (webtiles) character file.

Game seed: 186206348249688869

114056 Dorkslayer the Impaler (level 16, -11/131 HPs)
             Began as a Merfolk Fighter on Oct 26, 2023.
             Was an Initiate of Gozag.
             Mangled by a death yak (28 damage)
             ... on level 3 of the Lair of Beasts on Oct 27, 2023.
             The game lasted 01:35:03 (19829 turns).

Dorkslayer the Impaler (Merfolk Fighter)           Turns: 19829, Time: 01:35:04

Health: -11/131    AC: 24    Str: 22    XL:     16   Next: 64%
Magic:  16/16      EV: 17    Int:  8    God:    Gozag
Gold:   3192       SH: 18    Dex: 15    Spells: 15/15 levels left

rFire   . . .        a - +0 trident (chaos)
rCold   . . .        q - +5 Storm Queen's Shield {shock, Fly rElec}
rNeg    . . .        c - +3 plate armour {rPois}
rPois   +            k - +0 helmet
rElec   +            (no cloak)
rCorr   .            n - +2 pair of gloves of the Oily God {Contam Slay+4}
SInv    .            l - +1 pair of boots
Will    +....        m - amulet of regeneration Stlth
                     O - +4 ring of slaying
HPRegen 1.21/turn    z - +5 ring of evasion
MPRegen 0.15/turn

%: no passive effects
@: flying
A: (nimble swimmer 2), mertail
a: Renounce Religion, Potion Petition, Call Merchant, Bribe Branch


You were on level 3 of the Lair of Beasts.
You worshipped Gozag.
Gozag was most pleased with you.
You visited 4 branches of the dungeon, and saw 22 of its levels.
You also visited: Sewer, Bailey and Gauntlet.

You collected 8778 gold pieces.
You spent 1551 gold pieces at shops.
You paid 4035 gold pieces to Gozag.

Inventory:

Hand Weapons
 a - a +0 trident of chaos (weapon)
 y - a +2 heavy trident
 F - a +2 flail of holy wrath
Missiles
 g - 38 boomerangs (quivered)
 A - a throwing net
 C - 12 javelins
 G - 13 curare-tipped darts
Armour
 b - a +2 plate armour of fire resistance
 c - a +3 plate armour of poison resistance (worn)
 k - a +0 helmet (worn)
 l - a +1 pair of boots (worn)
 n - the +2 pair of gloves of the Oily God (worn) {Contam Slay+4}
   (You found it in a Gauntlet)

   Slay+4:    It affects your accuracy & damage with ranged weapons and melee
   (+4).
   Contam:    It causes magical contamination when unequipped.
 q - the +5 Storm Queen's Shield (worn) {shock, Fly rElec}
   (You acquired it in a bailey)

   Shock:     When it blocks an attack, it may electrocute the attacker.
   This works even against foes who are a short distance away.
   rElec:     It insulates you from electricity.
   Fly:       It grants you flight.
 B - a +1 plate armour of cold resistance
Jewellery
 d - a ring of resist corrosion
 m - an amulet of regeneration (around neck)
 z - a +5 ring of evasion (right hand)
 O - a +4 ring of slaying (left hand)
 S - the ring of the Tortoise {AC+8}
   (You found it on level 13 of the Dungeon)

   [ring of protection]

   AC+8:      It affects your AC (+8).
Wands
 i - a wand of digging (6)
 s - a wand of roots (14)
 K - a wand of charming (9)
 P - a wand of polymorph (7)
 U - a wand of quicksilver (5)
Scrolls
 f - 3 scrolls of revelation
 p - a scroll of amnesia
 u - 4 scrolls of enchant armour
 v - a scroll of brand weapon
 w - 4 scrolls of fog
 x - 3 scrolls of teleportation
 D - 3 scrolls of butterflies
 I - 2 scrolls of immolation {unknown}
 M - 2 scrolls of enchant weapon
 R - 2 scrolls of fear
 T - 2 scrolls of identify
Potions
 e - 7 potions of ambrosia
 h - 4 potions of cancellation
 j - 5 potions of curing
 o - 2 potions of magic
 r - a potion of attraction
 t - a potion of berserk rage
 J - 3 potions of mutation
 L - a potion of haste
 N - a potion of brilliance {unknown}
 Q - 2 potions of might
Miscellaneous
 E - a box of beasts
 H - a tin of tremorstones (2/2)


   Skills:
 + Level 13.3 Fighting
 + Level 17.6 Polearms
 + Level 2.4 Throwing
 + Level 8.8 Armour
 + Level 16.3 Dodging
 + Level 10.9 Stealth
 + Level 13.9 Shields
 * Level 4.3 Evocations


You had 15 spell levels left.
You didn't know any spells.
Your spell library contained the following spells:

 Spells                   Type           Power      Damage    Failure   Level
 Shock                    Conj/Air       0%         1d3       100%        1
 Static Discharge         Conj/Air       0%         3-3/arc   100%        2
 Dazzling Flash           Conj/Hex       0%         N/A       100%        3
 Frozen Ramparts          Ice            0%         1d1       100%        3
 Ozocubu's Armour         Ice            0%         N/A       100%        3
 Swiftness                Air            0%         N/A       100%        3
 Airstrike                Air            0%         2d(0-16)  100%        4
 Animate Armour           Summ/Erth      0%         N/A       100%        4
 Manifold Assault         Tloc           0%         N/A       100%        4
 Petrify                  Tmut/Erth      0%         N/A       100%        4
 Summon Lightning Spire   Summ/Air       0%         N/A       100%        4
 Agony                    Necr           0%         N/A       100%        5
 Lee's Rapid Deconstruct  Erth           0%         3d4*      100%        5
 Metabolic Englaciation   Hex/Ice        0%         N/A       100%        5
 Silence                  Hex/Air        0%         N/A       100%        5
 Dispersal                Tloc           0%         N/A       100%        6
 Malign Gateway           Summ/Tloc      0%         N/A       100%        7
 Ozocubu's Refrigeration  Ice            0%         4d7       100%        7
 Disjunction              Tloc           0%         N/A       100%        8
 Summon Horrible Things   Summ           0%         N/A       100%        8


Dungeon Overview and Level Annotations

Branches:
Dungeon (15/15)            Temple (1/1) D:5            Lair (4/5) D:11
  Swamp (0/4) Lair:2        Snake (0/4) Lair:2          Orc (2/2) D:9
    Elf (0/3) Orc:2        Vaults (0/5) D:14         Depths (0/4) D:15
  Sewer (visited)          Bailey (visited)         Gauntlet (visited)
  Slime: Lair:4-5

Altars:
Ashenzari
Cheibriados
Dithmenos
Elyvilon
Fedhas
Gozag
Hepliaklqana
Kikubaaqudgha
Makhleb
Nemelex Xobeh
Okawaru
Qazlal
Ru
Sif Muna
Trog
Uskayaw
Vehumet
Wu Jian
Xom
Yredelemnul
Zin
The Shining One

Shops:
D:3 :   D:12 [(*(?   Orc:2 ![(!

Annotations:
D:2 Terence
Abyss:1 Grinder


Innate Abilities, Weirdness & Mutations

((You are very nimble when in or above water. (Stealth+, EV+, Speed+++)))
Your lower body shifts to a powerful aquatic tail in water.


Message History

You hit the death yak but do no damage.
The death yak is severely wounded.
The death yak gores you but does no damage.
You hit the death yak but do no damage. You drain the death yak.
The death yak is severely wounded.
You puncture the death yak!
The death yak is almost dead.
The death yak seems less confused.
The death yak gores you!! The death yak barely misses you.
You hit the death yak.
You feel better.
The death yak is heavily wounded.
You block the death yak's attack. The death yak gores you.
You completely miss the death yak.
The death yak is heavily wounded.
The death yak misses you.
You barely miss the death yak.
The death yak is heavily wounded.
The death yak closely misses you. The death yak gores you!
You hit the death yak but do no damage.
The death yak goes berserk!
The death yak is almost dead.
The death yak looks more healthy.
You block the death yak's attack. x2
Unknown command.
You hit the death yak.
The death yak is duplicated!
The death yak is almost dead.
The death yak gores you!! You block the death yak's attack.
Your shield discharges, shocking the death yak!
You kill the death yak!
That felt strangely unrewarding.
The death yak gores you!
* * * LOW HITPOINT WARNING * * *
You hit the death yak but do no damage.
Nothing appears to happen.
The death yak is almost dead.
The death yak gores you!
* * * LOW HITPOINT WARNING * * *
You block the death yak's attack.
Unknown command.
You hit the death yak.
The death yak is almost dead.
The death yak gores you!!
You die...
Your body crumbles into a pile of gold.

.......#...## ##...#..#.......###
.......#...####~..##..#......P###
.......#.........#.#..#..........
.......#........#...###..........
......###P##..####...##..........
..#..# ####...#..##..........
...#### #[..B#####.....#..##
....... ###############.(....#..#
..##.. .......$@Y..##......P#...
...# ......#Y#...###.....##...
..## . .......##....#......##...
...#.## .#.#..##P.####.......#.<.
......# ##...###..###P.P...#....
....... .....#.#.#..P.P.....#...
....... ..................(...#.#
....... .....................####
....... ........$..............=.


You could see 2 death yaks.

Vanquished Creatures
  Jorgrun (D:14)
  Rupert (D:12)
  A sphinx (D:13)
  A shadow dragon (D:13)
  Roxanne (D:15)
  2 orc warlords
  Azrael (D:12)
  A minotaur (Gauntlet)
  An ettin (Orc:2)
  Josephine (Orc:1)
  A great orb of eyes (D:13)
  8 hydras
  7 centaur warriors
  3 two-headed ogres
  10 boulder beetles
  A death knight (D:15)
  2 tengu warriors
  4 death yaks (Lair:3)
  2 occultists (D:13)
  7 orc high priests
  Amaemon (Lair:3)
  5 skeletal warriors
  A glowing orange brain (shapeshifter) (D:15)
  An orange crystal statue (Gauntlet)
  10 orc knights
  A lindwurm (Orc:2)
  A phantasmal warrior (D:15)
  A lindwurm (shapeshifter) (D:14)
  19 ugly things
  3 deep elf pyromancers
  A manticore (shapeshifter) (D:13)
  4 orc sorcerers
  11 cyclopes
  26 elephants
  A wolf spider (D:15)
  3 manticores
  Joseph (D:8)
  7 black mambas
  A gargoyle (D:14)
  10 cane toads
  Maggie (D:10)
  An orange demon (Lair:3)
  2 unseen horrors
  4 komodo dragons
  5 yaktaurs (D:15)
  An efreet (D:15)
  3 tengu conjurers (D:13)
  3 freezing wraiths
  3 kobold demonologists
  4 rime drakes
  2 polar bears
  A queen bee (Orc:1)
  4 trolls
  A troll (shapeshifter) (D:13)
  A tarantella (shapeshifter) (Orc:2)
  A wind drake (Lair:1)
  A hornet (shapeshifter) (D:7)
  A tyrant leech (Lair:2)
  5 hornets
  5 blink frogs
  8 slime creatures
  A jumping spider (shapeshifter) (D:13)
  Sigmund (D:5)
  14 flying skulls (Gauntlet)
  A shadow (D:13)
  7 wraiths
  35 yaks
  3 wyverns
  A vampire (D:11)
  A fire elemental (D:12)
  4 vampire mosquitoes
  4 basilisks
  5 wargs (Orc:2)
  2 swamp worms (Lair:2)
  2 hell hounds (D:12)
  13 water moccasins
  5 acid dragons
  46 orc warriors
  Pargi (Sewer)
  3 black bears
  2 ice beasts (D:7)
  2 sky beasts
  9 centaurs
  4 boggarts (D:15)
  4 wolves (D:11)
  5 ogres
  2 phantoms
  7 kobold brigands
  11 bullfrogs
  2 gnoll sergeants
  6 scorpions
  3 troll zombies (D:9)
  25 killer bees
  12 electric eels
  4 howler monkeys (D:11)
  6 hounds
  29 orc priests
  2 jellies
  5 gnoll boudas
  6 iguanas
  3 sleepcaps
  11 orc wizards
  5 ogre zombies (D:9)
  A boggart simulacrum (D:13)
  Robin (D:2)
  42 gnolls
  5 adders
  7 ufetubi
  A worm (D:4)
  A dart slug (D:2)
  79 orcs
  6 endoplasms
  2 giant cockroaches (D:4)
  5 gnoll zombies (D:9)
  27 goblins
  15 hobgoblins
  6 jackals
  27 kobolds
  3 quokkas
  4 ball pythons
  7 bats
  2 frilled lizards
  3 gnoll skeletons (D:9)
  3 orc skeletons (D:9)
  14 orc zombies (D:9)
  6 rats
  2 butterflies (Lair:2)
804 creatures vanquished.

Vanquished Creatures (collateral kills)
  A centaur (D:14)
1 creature vanquished.

Vanquished Creatures (others)
  A deep elf pyromancer (D:13)
  3 slime creatures
  An acid dragon (D:13)
  A boggart (D:15)
  An orc wizard (Orc:2)
7 creatures vanquished.

Grand Total: 812 creatures vanquished

Notes
Turn   | Place    | Note
-------+----------+-------------------------------------------
     0 | D:1      | Dorkslayer the Merfolk Fighter began the quest for the Orb.
     0 | D:1      | Reached XP level 1. HP: 18/18 MP: 1/1
   184 | D:1      | Reached XP level 2. HP: 24/24 MP: 2/2
   190 | D:1      | Found a faded altar of an unknown god.
   262 | D:1      | Reached skill level 1 in Dodging
   508 | D:2      | Noticed Terence
   518 | D:2      | Reached skill level 3 in Polearms
   529 | D:2      | Reached XP level 3. HP: 28/29 MP: 3/3
   708 | D:2      | Noticed Robin
   729 | D:2      | Killed Robin
   730 | D:2      | Reached XP level 4. HP: 35/37 MP: 4/4
   843 | D:2      | Reached skill level 4 in Polearms
  1006 | D:3      | Found a radiant altar of Vehumet.
  1171 | D:3      | Found Zyawuu's Book Boutique.
  1495 | D:4      | Found a glowing drain.
  1534 | D:4      | Reached XP level 5. HP: 42/42 MP: 5/5
  1555 | Sewer    | Entered a sewer
  1648 | Sewer    | Noticed Pargi
  1718 | Sewer    | Killed Pargi
  1719 | Sewer    | Reached skill level 5 in Polearms
  1719 | Sewer    | Reached XP level 6. HP: 48/48 MP: 6/6
  2059 | D:4      | Reached skill level 6 in Polearms
  2418 | D:5      | Entered Level 5 of the Dungeon
  2448 | D:5      | Reached XP level 7. HP: 41/55 MP: 7/7
  2580 | D:5      | Reached skill level 1 in Stealth
  2588 | D:5      | Reached skill level 7 in Polearms
  2623 | D:5      | Noticed Grinder
  2630 | D:5      | Banished Grinder
  2631 | D:5      | Reached XP level 8. HP: 34/61 MP: 8/8
  2644 | D:5      | Reached skill level 5 in Fighting
  2681 | D:5      | Found a staircase to the Ecumenical Temple.
  2695 | Temple   | Entered the Ecumenical Temple
  2705 | Temple   | Became a worshipper of Gozag Ym Sagoz the Greedy
  2737 | D:5      | Reached skill level 5 in Dodging
  2814 | D:5      | Found a shadowy altar of Dithmenos.
  2840 | D:5      | Noticed Sigmund
  2845 | D:5      | Killed Sigmund
  2846 | D:5      | Reached skill level 8 in Polearms
  3147 | D:6      | Reached skill level 9 in Polearms
  3158 | D:6      | Found an ornate altar of the Wu Jian Council.
  3223 | D:6      | Reached XP level 9. HP: 68/68 MP: 9/9
  3305 | D:6      | You fall into a shaft and drop 1 floor!
  3731 | D:7      | Noticed a hornet
  3742 | D:7      | Killed a hornet
  3743 | D:7      | Reached skill level 10 in Polearms
  4007 | D:7      | a shapeshifter changed into a black mamba
  4007 | D:7      | Noticed a black mamba (shapeshifter)
  4026 | D:7      | a black mamba changed into a hornet
  4026 | D:7      | Noticed a hornet (shapeshifter)
  4030 | D:7      | Killed a hornet
  4106 | D:7      | Reached skill level 5 in Shields
  4171 | D:7      | Noticed a cyclops
  4171 | D:7      | Noticed a purple ugly thing
  4172 | D:7      | Noticed a deep elf pyromancer
  4189 | D:7      | Killed a purple ugly thing
  4190 | D:7      | Reached skill level 11 in Polearms
  4190 | D:7      | Reached XP level 10. HP: 76/77 MP: 10/10
  4206 | D:7      | Killed a cyclops
  4215 | D:7      | Killed a deep elf pyromancer
  4370 | D:7      | Noticed a cyclops
  4387 | D:7      | Reached skill level 12 in Polearms
  4387 | D:7      | Reached skill level 5 in Armour
  4409 | D:7      | Killed a cyclops
  4432 | D:7      | Noticed a deep elf pyromancer
  4463 | D:7      | Killed a deep elf pyromancer
  4746 | D:7      | Reached skill level 5 in Stealth
  5033 | D:6      | Found a hide-covered altar of Uskayaw.
  5033 | D:6      | Found a shimmering blue altar of Sif Muna.
  5372 | D:8      | Noticed Joseph
  5400 | D:8      | Killed Joseph
  5401 | D:8      | Reached XP level 11. HP: 48/85 MP: 11/11
  5875 | D:8      | Found a blossoming altar of Fedhas.
  5877 | D:8      | Found an ancient bone altar of Kikubaaqudgha.
  6016 | D:9      | Reached skill level 13 in Polearms
  6270 | D:9      | Found a flagged portal.
  6289 | Bailey   | Entered a bailey
  6402 | Bailey   | Noticed an orc knight
  6434 | Bailey   | Killed an orc knight
  6473 | Bailey   | Noticed an orc knight
  6489 | Bailey   | Killed an orc knight
  6638 | Bailey   | Noticed an orc warlord
  6663 | Bailey   | Killed an orc warlord
  6664 | Bailey   | Reached skill level 10 in Dodging
  6672 | Bailey   | Identified the ring of Ynwowod {rCorr Int+6}
  6703 | Bailey   | Acquired the +5 Storm Queen's Shield {shock, Fly rElec}
  6703 | Bailey   | Found the +5 Storm Queen's Shield {shock, Fly rElec}
  6768 | D:10     | Entered Level 10 of the Dungeon
  6916 | D:9      | Reached skill level 14 in Polearms
  6996 | D:9      | Found a staircase to the Orcish Mines.
  7144 | D:9      | Reached skill level 1 in Throwing
  7610 | Gauntlet | Identified the "Vymmin"
  7610 | Orc:1    | Entered Level 1 of the Orcish Mines
  7610 | Orc:1    | Noticed Josephine
  7652 | D:9      | Reached XP level 12. HP: 94/94 MP: 12/12
  7711 | Orc:1    | Killed Josephine
  7875 | Orc:2    | Entered Level 2 of the Orcish Mines
  7879 | Orc:2    | Noticed an orc warlord
  7971 | Orc:2    | Paralysed by an orc sorcerer for 3 turns
  8315 | Orc:2    | Killed an orc warlord
  8448 | Orc:2    | Found a staircase to the Elven Halls.
  8515 | Orc:2    | Noticed an orc warlord
  8533 | Orc:2    | Noticed a soul eater
  8548 | Orc:2    | Noticed a soul eater
  8553 | Orc:2    | Noticed a soul eater
  8561 | Orc:2    | an orc warlord changed into a shapeshifter
  8600 | Orc:2    | Noticed an orc high priest
  8611 | Orc:2    | Noticed a sun demon
  8614 | Orc:2    | Killed an orc high priest
  8675 | Orc:2    | Found a dark tunnel.
  8959 | Orc:2    | Noticed an ettin
  9024 | Orc:2    | Killed an ettin
  9025 | Orc:2    | Reached XP level 13. HP: 14/103 MP: 13/13
  9718 | Orc:2    | Reached skill level 10 in Fighting
 10452 | Orc:2    | Found Sixurhiatent's Distillery.
 10455 | Orc:2    | Found Joiqyl Jaq's Distillery.
 10456 | Orc:2    | Found Yridas's Antique Armour Shop.
 10456 | Orc:2    | Found Questes's Weapon Boutique.
 10462 | Orc:2    | Bought a potion of resistance for 130 gold pieces
 10462 | Orc:2    | Bought 2 potions of heal wounds for 130 gold pieces
 10462 | Orc:2    | Bought a potion of might for 52 gold pieces
 10462 | Orc:2    | Bought 2 potions of invisibility for 208 gold pieces
 10462 | Orc:2    | Bought a potion of mutation for 104 gold pieces
 10462 | Orc:2    | Bought a potion of mutation for 104 gold pieces
 10462 | Orc:2    | Bought a potion of haste for 130 gold pieces
 10469 | Orc:2    | Bought a potion of curing for 36 gold pieces
 10469 | Orc:2    | Bought a potion of invisibility for 96 gold pieces
 10469 | Orc:2    | Bought a potion of ambrosia for 96 gold pieces
 10469 | Orc:2    | Bought a potion of ambrosia for 96 gold pieces
 10469 | Orc:2    | Bought a potion of enlightenment for 60 gold pieces
 10469 | Orc:2    | Bought a potion of haste for 120 gold pieces
 10556 | Orc:2    | Reached skill level 15 in Polearms
 10763 | Orc:1    | Upgraded the game from 0.31-a0-967-g7f5505f to
                  | 0.31-a0-968-g24f9ace
 10859 | Orc:1    | Reached skill level 10 in Shields
 11115 | D:10     | Found a stormy altar of Qazlal.
 11354 | D:10     | Noticed Maggie
 11361 | D:10     | Killed Maggie
 11789 | D:11     | Found a staircase to the Lair.
 12831 | D:11     | Reached XP level 14. HP: 111/111 MP: 14/14
 13060 | D:12     | Noticed Azrael
 13096 | D:12     | Killed Azrael
 13445 | D:12     | Identified the maw talisman "Qiebleoxuph" {rC+ Will+ Str-4}
 13445 | D:12     | Noticed Rupert
 13460 | D:12     | Killed Rupert
 13703 | D:12     | Bought a scroll labelled DITHYRU DUMERHI for 37 gold pieces
 13703 | D:12     | Bought a bubbling blue potion for 33 gold pieces
 13974 | D:13     | Noticed a shadow dragon
 13976 | D:13     | Noticed a sphinx
 13993 | D:13     | Killed a shadow dragon
 14026 | D:13     | Killed a sphinx
 14070 | D:13     | Reached skill level 16 in Polearms
 14144 | D:13     | Found the ring of the Tortoise {AC+8}
 14145 | D:13     | Identified the -2 helmet of Salvation {rC++}
 14169 | D:13     | Reached skill level 10 in Stealth
 14184 | D:13     | Identified the +7 war axe of the Goat {freeze, rN+ Str+3}
 14236 | D:13     | Identified the +3 shortbow "Qeude" {freeze, rF++}
 14303 | D:13     | Identified the +4 scale mail of Vineblin {rPois Will+}
 14716 | D:13     | Reached skill level 15 in Dodging
 14772 | D:14     | Found a gate leading to a gauntlet.
 14781 | Gauntlet | Entered a Gauntlet
 14781 | Gauntlet | Found a transporter.
 14781 | Gauntlet | Found a transporter.
 14781 | Gauntlet | Found a runed translucent gate.
 14781 | Gauntlet | Found a runed translucent gate.
 14782 | Gauntlet | Found a runed translucent gate.
 14783 | Gauntlet | Found a transporter.
 14784 | Gauntlet | Found a transporter.
 14786 | Gauntlet | Found a transporter.
 14824 | Gauntlet | Found a transporter.
 14829 | Gauntlet | Found a transporter.
 14829 | Gauntlet | Found a transporter.
 14845 | Gauntlet | Found a transporter.
 14860 | Gauntlet | Found a transporter.
 14882 | Gauntlet | Found a transporter.
 14890 | Gauntlet | Found a transporter.
 14933 | Gauntlet | Found a transporter.
 14934 | Gauntlet | Found a runed translucent door.
 14949 | Gauntlet | Found a transporter.
 15083 | Gauntlet | Reached XP level 15. HP: 120/120 MP: 15/15
 15286 | Gauntlet | Identified the +2 pair of gloves of the Oily God {Contam
                  | Slay+4}
 15312 | Gauntlet | Identified the +3 orcbow of the Median {drain, rF+ SInv
                  | Stlth+}
 15333 | Gauntlet | Identified the +10 rapier of Incongruity {heavy, +Blink
                  | Int-5 Dex-5 Stlth+}
 15366 | D:14     | Found a gate to the Vaults.
 15404 | D:14     | Noticed Jorgrun
 15423 | D:14     | Killed Jorgrun
 15659 | D:14     | Reached skill level 1 in Evocations
 16046 | D:15     | Entered Level 15 of the Dungeon
 16057 | D:15     | Noticed Roxanne
 16085 | D:15     | Killed Roxanne
 16204 | D:15     | Found a hide-covered altar of Uskayaw.
 16821 | D:15     | Found a staircase to the Depths.
 17281 | D:12     | Bought a scroll of noise for 14 gold pieces
 17281 | D:12     | Bought a scroll of enchant armour for 105 gold pieces
 17352 | Lair:1   | Entered Level 1 of the Lair of Beasts
 18079 | Lair:1   | Reached skill level 17 in Polearms
 18178 | Lair:1   | Reached XP level 16. HP: 129/129 MP: 16/16
 18508 | Lair:2   | You are sucked into a shaft and drop 2 floors!
 18770 | Lair:3   | Noticed Amaemon
 18784 | Lair:3   | Killed Amaemon
 19302 | Lair:2   | Found a staircase to the Snake Pit.
 19628 | Lair:2   | Found a staircase to the Swamp.
 19829 | Lair:3   | Mangled by a death yak

Illustrated notes

Levels and vault maps discovered:
D:1:      minmay_arrival_radiant_lines, layout_rooms,
          hellmonk_ecumenical_altar_pennies_from_heaven
D:2:      layout_basic, uniq_robin, uniq_terence
D:3:      layout_basic, lemuel_round_altar, serial_shops, nicolae_square_shop,
          st_stairs_6
D:4:      nicolae_cairo_tiling_very_big, layout_rooms, gup_sewer_entry_glass
D:5:      layout_gridville, grunt_dithmenos_smoke_and_mirrors,
          minmay_temple_entry_junction_2, uniq_grinder, uniq_sigmund
D:6:      layout_rooms, pf_just_have_faith, gammafunk_temple_overflow_statue
D:7:      nzn_winding_woodlands_large [nzn_winding_woodlands_5x5_cross,
          nzn_winding_woodlands_5x15_river_crossing,
          nzn_winding_woodlands_5x5_checkerboard,
          nzn_winding_woodlands_center_diamonds,
          nzn_winding_woodlands_15x15_killbox,
          nzn_winding_woodlands_center_triple_pond,
          nzn_winding_woodlands_5x5_closed_star,
          nzn_winding_woodlands_5x15_twine,
          nzn_winding_woodlands_5x5_open_star], layout_basic, serial_aquarium,
          aquarium_bridge_square [aquarium_subvault_bridge,
          aquarium_subvault_wall, aquarium_subvault_wall,
          aquarium_subvault_wall], aquarium_window_1, aquarium_window_1,
          aquarium_view_2b, aquarium_pool_2, chequers_serial_rivers_small_a
D:8:      layout_gridville, grunt_temple_overflow_growth_and_decay,
          hangedman_decor_peaks_small, uniq_joseph
D:9:      layout_roguey, zombieorc2_lemuel, enter_bailey_5, kennysheep_boxes
D:10:     layout_roguey, nicolae_qazlal_scattered_showers, uniq_maggie
D:11:     layout_basic, erik_lair_island, st_stairs_4
D:12:     layout_irregular_city, minmay_crystal_room, minmay_liquid_box,
          uniq_azrael, uniq_rupert
D:13:     minmay_heptahexagon, layout_loops_ring
D:14:     layout_cave_pools, hellmonk_vaults_attempted_burglary,
          gauntlet_entry_generic, chequers_serial_rivers_small_b,
          chequers_avenue, uniq_jorgrun
D:15:     hangedman_depths_entry_try_elsewhere_first, layout_basic,
          nicolae_uskayaw_dance_hall, uniq_roxanne
Temple:   eino_temple_water
Lair:1:   layout_chaotic_city
Lair:2:   layout_chaotic_city, palyth_hydra_swamp_entry,
          minmay_snake_entry_six_corridors, lemuel_fruit_fields,
          serial_bayou_shore_b, lemuel_fruit_tree, grunt_megastairs_2,
          infiniplex_staircase_pool_2
Lair:3:   layout_regular_city, hangedman_lair_generics_rect, uniq_amaemon
Lair:4:   layout_regular_city, slime_entry_1, serial_bayou, serial_bayou_pond_d,
          serial_bayou_pond_e, serial_bayou_pond_b,
          maelrawn_ghost_gauntlet_escape, nicolae_quartered_pool_little
Orc:1:    layout_caves, special_room [special_room_bee], uniq_josephine
Orc:2:    st_orc_pillars, layout_caves, nicolae_volcano_entry_vermiform,
          basic_altar, david_defended_altar_orc

Skill      XL: |  1  2  3  4  5  6  7  8  9 10 11 12 13 14 15 16 |
---------------+-------------------------------------------------+-----
Dodging        | 1 2 3 4 6 7 9 10 12 13 15 16 | 16.3
Polearms       | 3 4 5 6 7 9 11 12 14 15 16 17 | 17.6
Fighting       | 4 5 6 7 8 9 10 11 12 13 | 13.3
Armour         | 3 4 5 6 7 8 |  8.8
Stealth        | 1 3 5 6 8 10 | 10.9
Shields        | 4 5 6 9 10 11 13 | 13.9
Throwing       | 1 2 |  2.4
Evocations     | 1 4 |  4.3

Action                     |  1- 3 |  4- 6 |  7- 9 | 10-12 | 13-15 | 16-18 || total
---------------------------+-------+-------+-------+-------+-------+-------++-------
  Melee: Trident           |    91 |   226 |   345 |  1050 |  1576 |   419 ||  3707
         Tailslap          |       |       |       |     5 |       |       ||     5
  Throw: Javelin           |       |       |     1 |    11 |       |       ||    12
         Dart              |       |       |       |     2 |       |       ||     2
         Boomerang         |       |       |       |       |    16 |     2 ||    18
 Invoke: Call Merchant     |       |       |       |       |     5 |       ||     5
  Evoke: Wand              |       |       |       |       |     5 |       ||     5
         Tin of tremorston |       |       |       |       |     2 |       ||     2
         Box of beasts     |       |       |       |       |     1 |       ||     1
    Use: Potion            |     1 |     1 |     1 |    13 |    18 |       ||    34
         Scroll            |       |     9 |     5 |     7 |     2 |       ||    23
   Stab: Paralysed         |       |     2 |     5 |     3 |     2 |     2 ||    14
         Confused          |       |     1 |     1 |    10 |    14 |     1 ||    27
         Distracted        |       |       |     1 |    10 |    12 |     3 ||    26
         Petrifying        |       |       |     1 |       |     6 |       ||     7
         Petrified         |       |       |       |       |     9 |       ||     9
         Invisible         |       |       |       |       |    18 |       ||    18
 Armour: Scale mail        |    49 |    13 |       |       |       |       ||    62
         Chain mail        |       |   133 |   201 |    45 |       |       ||   379
         Plate armour      |       |       |       |   319 |   488 |   151 ||   958
  Dodge: Dodged            |    45 |    75 |   180 |   395 |   423 |   156 ||  1274
  Block: Buckler           |    22 |    46 |    74 |    94 |       |       ||   236
         Kite shield       |       |       |       |   376 |   906 |   300 ||  1582

Table legend: (Time is in decaauts)
 A = Elapsed time spent in this place.
 B = Non-inter-level travel time spent in this place.
 C = Inter-level travel time spent in this place.
 D = Time resting spent in this place.
 E = Time spent auto-exploring this place.
 F = Levels seen in this place.
 G = Mean time per level.
                   A        B        C        D        E       F      G
               +--------+--------+--------+--------+--------+-----+--------+
         Total |  18773 |  18693 |     80 |    533 |   6525 |  25 |  750.9 |
       Dungeon |  12216 |  12136 |     80 |     84 |   5209 |  15 |  814.4 |
        Temple |     20 |     20 |      0 |      0 |      0 |   1 |   20.0 |
          Lair |   2295 |   2295 |      0 |     21 |    949 |   4 |  573.8 |
  Orcish Mines |   3139 |   3139 |      0 |    403 |    274 |   2 | 1569.5 |
         Sewer |    175 |    175 |      0 |      0 |     17 |   1 |  175.0 |
        Bailey |    405 |    405 |      0 |     13 |     56 |   1 |  405.0 |
      Gauntlet |    521 |    521 |      0 |     12 |     19 |   1 |  521.0 |
               +--------+--------+--------+--------+--------+-----+--------+

Top non-repeatable levels by time:
   Orc:2: 2060 daAuts
     D:7: 1546 daAuts
    D:15: 1087 daAuts
   Orc:1: 1079 daAuts
    D:11: 1063 daAuts
     D:9: 1007 daAuts
    D:13: 974 daAuts
    D:12: 914 daAuts
  Lair:2: 831 daAuts
     D:8: 831 daAuts
  Lair:1: 819 daAuts
     D:4: 777 daAuts
    D:10: 771 daAuts
    D:14: 707 daAuts
     D:5: 613 daAuts
